[Event "Titled Tuesday Blitz October 31 Late 2023"]
[White "Schnaider, Ilan"]
[Black "Shubenkova, Veronika"]
[WhiteFideId "169013"]
[BlackFideId "44124040"]
[WhiteElo "2736"]
[BlackElo "2535"]
[Result "1-0"]
[Round "2"]
[TimeControl "180+1"]
[Date "2023.10.31"]
[WhiteClock "0:00:13"]
[BlackClock "0:01:02"]
[Board "53"]

1. e4 c6 2. Nf3 d5 3. Nc3 g6 4. d4 dxe4 5. Nxe4 Bg7 6. Bc4 e6 7. c3 Nf6 8. Bg5 h6 9. Bxf6 Bxf6 10. Nxf6+ Qxf6 11. O-O Nd7 12. Qd2 b5 13. Bd3 Bb7 14. Rfe1 a6 15. a4 h5 16. Be4 h4 17. h3 Rd8 18. axb5 axb5 19. Ra7 Ba8 20. Rxa8 Rxa8 21. Bxc6 Rd8 22. Ne5 Rh5 23. Qe2 Ke7 24. Bxd7 Rxd7 25. Qxb5 Rd5 26. Qb7+ Kf8 27. Qxd5 exd5 28. Nd7+ Kg7 29. Nxf6 Kxf6 30. Re5 Rxe5 31. dxe5+ Kxe5 32. Kf1 d4 33. cxd4+ Kxd4 34. Ke2 g5 35. g3 g4 36. gxh4 gxh3 37. Kf3 f5 38. Kg3 Ke4 39. h5 f4+ 40. Kxh3 Kf3 41. h6 Kxf2 42. h7 f3 43. h8=Q Kg1 44. Qf6 f2 45. Qxf2+ Kxf2 46. b4 Kf3 47. b5 Ke4 48. b6 Kd5 49. b7 Kd4 50. b8=Q Ke3 51. Kg3 Ke2 52. Qe5+ Kf1 53. Kf3 Kg1 54. Qe1+ Kh2 55. Qf2+ Kh3 56. Qg2+ Kh4 57. Qg4# 1-0


[Site "https://www.chess.com"]

[Event "Titled Tuesday Blitz October 31 Late 2023"]
[White "Likvidator228"]
[Black "Gedajlovic, Max"]
[BlackFideId "2616840"]
[WhiteElo "2531"]
[BlackElo "2736"]
[Result "1/2-1/2"]
[Round "2"]
[TimeControl "180+1"]
[Date "2023.10.31"]
[WhiteClock "0:00:05"]
[BlackClock "0:00:07"]
[Board "54"]

1. d4 Nf6 2. Nf3 e6 3. Bf4 d5 4. e3 c5 5. c3 Nc6 6. Nbd2 Nh5 7. Bg5 f6 8. Bh4 g6 9. Bd3 cxd4 10. cxd4 Bd6 11. O-O O-O 12. a3 Bd7 13. b4 Qe8 14. Rc1 Ne7 15. Nb3 b6 16. e4 dxe4 17. Bxe4 Nd5 18. Nfd2 Rc8 19. Qf3 Qf7 20. Rxc8 Rxc8 21. Rc1 Rxc1+ 22. Nxc1 g5 23. Bg3 Ndf4 24. Nd3 Nxg3 25. hxg3 Nxd3 26. Qxd3 f5 27. Bf3 g4 28. Bd1 Bc6 29. Bb3 Kg7 30. d5 Bxd5 31. Bxd5 exd5 32. Nb3 Be5 33. Nd4 Bxd4 34. Qxd4+ Kg6 35. f4 gxf3 36. gxf3 Qe6 37. Kf2 Qc6 38. Qh8 Qc2+ 39. Kg1 Qd1+ 40. Kf2 Qd2+ 41. Kg1 Qe3+ 42. Kg2 Qe2+ 43. Kh3 Qf1+ 44. Kh2 Qf2+ 45. Kh3 Qxf3 46. Qg8+ Kf6 47. Qh8+ Ke6 48. Qe8+ Kd6 49. Qb8+ Kd7 50. Qxa7+ Ke6 51. Qxb6+ Ke5 52. Qc7+ Ke4 53. Qc2+ Kd4 54. Qd2+ Kc4 55. Qc2+ Kb5 56. Kh2 Qe4 57. Qc5+ Ka4 58. Qa5+ Kb3 59. b5 Qe2+ 60. Kg1 Qd1+ 61. Kg2 Qe2+ 62. Kg1 Qd1+ 63. Kg2 Qc2+ 64. Kg1 d4 65. Qb4+ Ka2 66. Qxd4 Qb1+ 67. Kg2 Qxb5 68. Qf2+ Kxa3 69. Qe3+ Kb4 70. Qd4+ Ka5 71. Qa7+ Kb4 72. Qxh7 Qd5+ 73. Kh2 Qd2+ 74. Kg1 Qe3+ 75. Kg2 Qe4+ 76. Kh2 Kc3 77. Qc7+ Kd2 78. Qd6+ Ke1 79. Qa6 Qc2+ 80. Kh3 Qe4 81. Qa1+ Kf2 82. Qb2+ Ke3 83. Qc3+ Ke2 84. Qb2+ Kd1 85. Qa1+ Kc2 86. Qa2+ Kd1 87. Kh2 Qe2+ 88. Qxe2+ Kxe2 89. Kg2 Ke3 90. Kh3 Kf3 91. Kh4 Kg2 92. Kg5 Kxg3 93. Kxf5 1/2-1/2


[Site "https://www.chess.com"]

[Event "Titled Tuesday Blitz October 31 Late 2023"]
[White "Korchmar, Vasiliy"]
[Black "TimGrutter03"]
[WhiteFideId "24131750"]
[WhiteElo "2735"]
[BlackElo "2528"]
[Result "1-0"]
[Round "2"]
[TimeControl "180+1"]
[Date "2023.10.31"]
[WhiteClock "0:00:04"]
[BlackClock "0:00:01"]
[Board "55"]

1. e4 e5 2. Nf3 Nc6 3. Nc3 Bb4 4. Bb5 Nge7 5. O-O O-O 6. d4 exd4 7. Nxd4 a6 8. Bc4 Bxc3 9. bxc3 d5 10. exd5 Nxd5 11. Nxc6 bxc6 12. Qf3 Be6 13. Bd3 Qh4 14. Re1 Rfe8 15. Re4 Qf6 16. Qxf6 Nxf6 17. Ra4 a5 18. Be3 Nd5 19. Bd4 Nb6 20. Ra3 Nc4 21. Rb3 Bd5 22. Rb7 Re7 23. Bc5 Rd7 24. Re1 g6 25. h4 a4 26. a3 Na5 27. Rb4 Be6 28. Rxa4 Rdd8 29. Be7 Re8 30. Bf6 Nb7 31. Rxa8 Rxa8 32. Ra1 Nc5 33. Be2 Nd7 34. Bd4 c5 35. Be3 Ra5 36. a4 Nb6 37. Bb5 Bc4 38. Bc6 Be6 39. Bh6 f5 40. Rd1 Kf7 41. Rd8 Nxa4 42. Rh8 Nxc3 43. Rxh7+ Kg8 44. Rg7+ Kh8 45. Rxg6 Bd5 46. Bxd5 Nxd5 47. Re6 Kh7 48. Bg5 Nb4 49. Re7+ Kg6 50. Rxc7 Nxc2 51. Kh2 Nd4 52. Kg3 Kh5 53. Rh7+ Kg6 54. Rh6+ Kg7 55. Rd6 Ne2+ 56. Kf3 Nd4+ 57. Kf4 Ra4 58. Bf6+ Kf7 59. Bxd4 cxd4 60. Kxf5 Ra2 61. g4 Rxf2+ 62. Kg5 Rd2 63. h5 d3 64. h6 Rd1 65. Rd7+ Ke6 66. h7 Rh1 67. Rxd3 Rxh7 68. Kg6 Rh8 69. Re3+ Kd7 70. g5 Rg8+ 71. Kh6 Kd6 72. g6 Rh8+ 73. Kg7 Rh1 74. Kf7 Rf1+ 75. Kg8 Kd7 76. g7 Rf4 77. Re5 Rh4 78. Kf7 Rf4+ 79. Kg6 Rg4+ 80. Rg5 Rxg5+ 81. Kxg5 1-0


[Site "https://www.chess.com"]

[Event "Titled Tuesday Blitz October 31 Late 2023"]
[White "Girsh, Daniel"]
[Black "Darini, Pouria"]
[WhiteFideId "30949190"]
[BlackFideId "12502200"]
[WhiteElo "2517"]
[BlackElo "2732"]
[Result "0-1"]
[Round "2"]
[TimeControl "180+1"]
[Date "2023.10.31"]
[WhiteClock "0:00:03"]
[BlackClock "0:00:08"]
[Board "56"]

1. d4 Nf6 2. c4 g6 3. Nc3 d5 4. cxd5 Nxd5 5. Bd2 Bg7 6. e4 Nxc3 7. Bxc3 O-O 8. Nf3 Bg4 9. Be2 Nc6 10. d5 Bxf3 11. gxf3 Ne5 12. f4 Nd7 13. e5 f6 14. e6 Nb6 15. Bf3 Qd6 16. Qd2 Rad8 17. O-O-O Bh6 18. Kb1 Qxf4 19. Qe2 Qc4 20. Qxc4 Nxc4 21. h4 Bf4 22. h5 g5 23. b3 Nd6 24. Kc2 h6 25. Rhg1 Be5 26. Bb4 f5 27. Rde1 Bd4 28. Re2 Kg7 29. Kd3 Bf6 30. Rc1 Rc8 31. Rec2 Nb5 32. Bh1 Rfd8 33. a4 Nd4 34. Rxc7 Rxc7 35. Rxc7 Nxe6 36. Rxb7 Nf4+ 37. Kc4 a6 38. d6 Rc8+ 39. Bc5 Ne6 40. dxe7 Rxc5+ 41. Kb4 Kf7 42. Rb6 a5+ 43. Ka3 Re5 44. Rb7 Bxe7+ 45. Ka2 Kf6 46. Ka1 Re2 47. Kb1 Re1+ 48. Kb2 Rxh1 49. Rb6 Rxh5 50. Rb5 Bb4 51. Rxa5 Bxa5 0-1


[Site "https://www.chess.com"]

[Event "Titled Tuesday Blitz October 31 Late 2023"]
[White "Harikrishnan.A.Ra"]
[Black "Cervantes Landeiro, Thalia"]
[WhiteFideId "5081483"]
[BlackFideId "3520498"]
[WhiteElo "2732"]
[BlackElo "2503"]
[Result "1-0"]
[Round "2"]
[TimeControl "180+1"]
[Date "2023.10.31"]
[WhiteClock "0:01:45"]
[BlackClock "0:01:07"]
[Board "57"]

1. d4 Nf6 2. Nf3 g6 3. Nc3 d5 4. Bf4 Bg7 5. Nb5 Na6 6. e3 c6 7. Nc3 Nc7 8. h3 O-O 9. Bd3 b5 10. O-O a5 11. Bh2 Ba6 12. Re1 b4 13. Na4 Bxd3 14. cxd3 Ne6 15. Rc1 Rc8 16. Ne5 Qe8 17. Nc5 Nxc5 18. Rxc5 Nd7 19. Nxd7 Qxd7 20. Qa4 Rfe8 21. Rec1 e5 22. dxe5 Bxe5 23. Bxe5 Rxe5 24. Rxc6 Rce8 25. Rxg6+ 1-0


[Site "https://www.chess.com"]

[Event "Titled Tuesday Blitz October 31 Late 2023"]
[White "Dudzinski, Pawel"]
[Black "Maximov, Dmitry"]
[WhiteFideId "1117890"]
[BlackFideId "14105659"]
[WhiteElo "2501"]
[BlackElo "2725"]
[Result "0-1"]
[Round "2"]
[TimeControl "180+1"]
[Date "2023.10.31"]
[WhiteClock "0:00:01"]
[BlackClock "0:00:43"]
[Board "58"]

1. e4 c5 2. c4 Nc6 3. Nc3 g6 4. g3 Bg7 5. Bg2 d6 6. Rb1 h5 7. h3 e5 8. a3 Be6 9. d3 h4 10. g4 f5 11. exf5 gxf5 12. gxf5 Bxf5 13. Nd5 Qd7 14. Bg5 Nge7 15. Nxe7 Nxe7 16. Nf3 O-O 17. Nxh4 Bh7 18. Bxe7 Qxe7 19. Bd5+ Kh8 20. Qh5 Rf6 21. Rg1 Rh6 22. Nf5 Rxh5 23. Nxe7 Bxd3 24. Rd1 Bh7 25. Bxb7 Rb8 26. Bf3 Rxh3 27. Bg4 Rh2 28. Rd2 e4 29. Bf5 Bxb2 30. Ke2 Bd4 31. Bxh7 Rxf2+ 32. Kd1 Rb1+ 33. Kc2 Rb2+ 34. Kc1 Rbxd2 35. Ng6+ Kxh7 0-1


[Site "https://www.chess.com"]

[Event "Titled Tuesday Blitz October 31 Late 2023"]
[White "Santos Flores, Alberto"]
[Black "Gubajdullin, Alexei"]
[WhiteFideId "3601234"]
[BlackFideId "4141202"]
[WhiteElo "2497"]
[BlackElo "2722"]
[Result "1-0"]
[Round "2"]
[TimeControl "180+1"]
[Date "2023.10.31"]
[WhiteClock "0:01:16"]
[BlackClock "0:01:35"]
[Board "59"]

1. e4 g6 2. d4 Bg7 3. Nc3 d6 4. Nf3 a6 5. Be3 b5 6. h4 h6 7. Bd3 Nd7 8. e5 dxe5 9. dxe5 Nxe5 10. Nxe5 Bxe5 11. Qf3 Rb8 12. O-O-O Bb7 13. Bxb5+ axb5 14. Rxd8+ Kxd8 15. Qxf7 Nf6 16. Rd1+ Bd6 17. Nxb5 Bxg2 18. Nxd6 cxd6 19. Qxg6 Be4 20. Rxd6+ exd6 21. Qxf6+ Kd7 22. Qf7+ Kd8 23. Bxh6 Rh7 24. Bg5+ Kc8 25. Qc4+ Rc7 26. Qxe4 Rb5 27. Qe8+ 1-0


[Site "https://www.chess.com"]

[Event "Titled Tuesday Blitz October 31 Late 2023"]
[White "Djokic, Mihailo"]
[Black "Buchenau, Frank"]
[WhiteFideId "976440"]
[BlackFideId "4604350"]
[WhiteElo "2721"]
[BlackElo "2481"]
[Result "1-0"]
[Round "2"]
[TimeControl "180+1"]
[Date "2023.10.31"]
[WhiteClock "0:01:00"]
[BlackClock "0:00:00"]
[Board "60"]

1. e4 e6 2. d4 d5 3. Nc3 Nf6 4. Nb1 Nxe4 5. c3 Be7 6. Nf3 O-O 7. Bd3 c5 8. O-O Nc6 9. Nbd2 Nxd2 10. Bxd2 cxd4 11. cxd4 Bd7 12. Rc1 Rc8 13. Qe2 Bf6 14. Bc3 Re8 15. Rfe1 a6 16. a3 b5 17. b4 Qb6 18. Qe3 Ne7 19. Bb2 Rxc1 20. Rxc1 Rc8 21. Rc5 Qd8 22. h4 Rxc5 23. bxc5 Nc6 24. h5 Qb8 25. Ne5 Bxe5 26. dxe5 a5 27. h6 g6 28. Qf4 b4 29. axb4 Nxb4 30. Be2 Nc6 31. Qf6 Qf8 32. Bc1 Nd4 33. Bd3 Nb3 34. Be3 d4 35. Bg5 Nxc5 36. Bb1 d3 37. Qf4 a4 38. Qd4 Qc8 39. Be3 a3 40. Qc3 Qc6 41. Qxa3 f5 42. exf6 Kf7 43. Qxc5 1-0


[Site "https://www.chess.com"]

[Event "Titled Tuesday Blitz October 31 Late 2023"]
[White "ATM622"]
[Black "Krallis, Christos"]
[BlackFideId "4298896"]
[WhiteElo "2464"]
[BlackElo "2714"]
[Result "0-1"]
[Round "2"]
[TimeControl "180+1"]
[Date "2023.10.31"]
[WhiteClock "0:00:03"]
[BlackClock "0:01:37"]
[Board "61"]

1. d4 g6 2. c4 d6 3. g3 Nc6 4. Bg2 Bg7 5. Nf3 e5 6. dxe5 dxe5 7. Qxd8+ Nxd8 8. Nc3 c6 9. O-O Ne6 10. Ne4 f5 11. Nd6+ Ke7 12. Rd1 e4 13. Nh4 Nd4 14. Nxc8+ Rxc8 15. e3 Ne2+ 16. Kf1 Nxc1 17. Raxc1 Nh6 18. Bh3 Rhf8 19. Ke2 g5 20. Ng2 g4 21. Nf4 gxh3 22. c5 Be5 23. Nxh3 Ng4 24. Nf4 Bxf4 25. gxf4 Rcd8 26. h3 Nh2 27. b4 Nf3 28. a4 Rxd1 29. Rxd1 Rd8 30. Rxd8 Kxd8 31. Kd1 h5 32. Kc2 h4 33. Kc3 Ng1 0-1


[Site "https://www.chess.com"]

[Event "Titled Tuesday Blitz October 31 Late 2023"]
[White "Erenberg, Ariel"]
[Black "Liu, Casper"]
[WhiteFideId "2811634"]
[BlackFideId "1454153"]
[WhiteElo "2714"]
[BlackElo "2464"]
[Result "1-0"]
[Round "2"]
[TimeControl "180+1"]
[Date "2023.10.31"]
[WhiteClock "0:00:09"]
[BlackClock "0:00:00"]
[Board "62"]

1. Nf3 Nf6 2. Nc3 d5 3. d3 Nc6 4. g3 e5 5. Bg2 Bc5 6. O-O a5 7. Bg5 Be6 8. e4 d4 9. Nd5 Be7 10. Bxf6 Bxf6 11. Re1 O-O 12. c4 Re8 13. a3 Bxd5 14. cxd5 Ne7 15. Qb3 Qd6 16. Rac1 c6 17. Nd2 Red8 18. Nc4 Qb8 19. a4 Ra6 20. f4 cxd5 21. exd5 Nxd5 22. fxe5 Bg5 23. Bxd5 Rxd5 24. Nd6 Rdxd6 25. exd6 Bxc1 26. Rxc1 Rxd6 27. Qb5 Qd8 28. Qxb7 Qe8 29. Rc8 Rd8 30. Rxd8 Qxd8 31. Kg2 h6 32. Qe4 Qb6 33. b3 g6 34. h4 Kg7 35. Kh3 h5 36. Kg2 Kg8 37. Qe8+ Kg7 38. Qb5 Qc7 39. Qc4 Qe5 40. Qc2 Qe3 41. Kh2 Qe5 42. Qb2 Qe3 43. Qc2 Qe5 44. Qf2 Qd5 45. Qf4 Qxb3 46. Qxd4+ Kg8 47. Kg2 Qa2+ 48. Kf3 Qe6 49. Qe4 Qf6+ 50. Ke3 Qa1 51. Qe8+ Kg7 52. Qd7 Qe1+ 53. Kd4 Qa1+ 54. Kc4 Qa2+ 55. Kb5 Qd2 56. Qd4+ Kh7 57. Qc4 Qb2+ 58. Kxa5 Qe5+ 59. Kb4 Qxg3 60. Qxf7+ Kh6 61. Qc4 Qb8+ 62. Kc3 Qe5+ 63. Qd4 Qc7+ 64. Qc4 Qe5+ 65. d4 Qe3+ 66. Kb4 Qe7+ 67. Qc5 Qb7+ 68. Kc4 Qf7+ 69. d5 Qf4+ 70. Kb5 Qb8+ 71. Qb6 Qe8+ 72. Qc6 Qb8+ 73. Kc5 Qa7+ 74. Kc4 Qf7 75. a5 Qf4+ 76. Kb5 Qf1+ 77. Kb6 Qf2+ 78. Kb7 Qb2+ 79. Kc8 Qh8+ 80. Kb7 Qb2+ 81. Ka7 Qg7+ 82. Ka6 Qb2 83. d6 Qe2+ 84. Ka7 Qe3+ 85. Qb6 Qe8 86. Qc7 Qe3+ 87. Kb8 Qb3+ 88. Qb7 Qg3 89. Qc7 Qb3+ 90. Ka7 Qe3+ 91. Qb6 1-0


[Site "https://www.chess.com"]

[Event "Titled Tuesday Blitz October 31 Late 2023"]
[White "Mazurkiewicz, Michal"]
[Black "Rohan, Ahuja"]
[WhiteFideId "1124943"]
[BlackFideId "5090598"]
[WhiteElo "2444"]
[BlackElo "2713"]
[Result "0-1"]
[Round "2"]
[TimeControl "180+1"]
[Date "2023.10.31"]
[WhiteClock "0:00:02"]
[BlackClock "0:00:13"]
[Board "63"]

1. e4 e5 2. Nf3 Nc6 3. Bb5 a6 4. Bxc6 dxc6 5. O-O Bg4 6. h3 h5 7. d3 Qf6 8. Nbd2 Ne7 9. Re1 Ng6 10. d4 Bd6 11. hxg4 hxg4 12. Nh2 Rxh2 13. Qxg4 Rh4 14. Qg3 Rh8 15. Nf3 Qe6 16. c3 O-O-O 17. Ng5 Qe7 18. dxe5 Nxe5 19. f4 Nd3 20. Rd1 Nxc1 21. Raxc1 Bc5+ 22. Kf1 f6 23. Qg4+ Kb8 24. Ne6 Rde8 25. f5 g5 26. Ke2 Rh4 27. Qf3 Bb6 28. c4 Qb4 29. Rc2 Ba7 30. c5 Qb5+ 31. Kf2 b6 32. Rcd2 bxc5 33. Rd8+ Rxd8 34. Rxd8+ Kb7 35. Kg3 c4 36. Qa3 Qe5+ 37. Kf3 Qxe4+ 38. Kg3 Qg4# 0-1


[Site "https://www.chess.com"]

[Event "Titled Tuesday Blitz October 31 Late 2023"]
[White "Hamitevici, Vladimir"]
[Black "Su, Dion"]
[WhiteFideId "13902393"]
[BlackFideId "2029731"]
[WhiteElo "2712"]
[BlackElo "2422"]
[Result "1-0"]
[Round "2"]
[TimeControl "180+1"]
[Date "2023.10.31"]
[WhiteClock "0:00:24"]
[BlackClock "0:00:32"]
[Board "64"]

1. a3 e6 2. Nf3 d5 3. g3 Nf6 4. Bg2 c5 5. c4 Nc6 6. cxd5 exd5 7. d4 Be7 8. O-O O-O 9. dxc5 Bxc5 10. b4 Be7 11. Bb2 Be6 12. Nd4 Nxd4 13. Qxd4 a6 14. Nd2 Rc8 15. Rfc1 Qd7 16. Nf3 h6 17. Ne5 Qb5 18. Nd3 Rc4 19. Rxc4 dxc4 20. Nf4 Rd8 21. Qc3 Bf5 22. Rc1 Bf8 23. Qxc4 Rd1+ 24. Bf1 Qxc4 25. Rxc4 Bd6 26. Rc1 Rd2 27. Bxf6 gxf6 28. e3 Ra2 29. Bg2 Rxa3 30. Bxb7 Bxb4 31. Nd5 Bd2 32. Rd1 Ra2 33. Ne7+ Kh7 34. Nxf5 a5 35. Be4 h5 36. Bd5 Rb2 37. Bxf7 a4 38. Ra1 1-0


[Site "https://www.chess.com"]

[Event "Titled Tuesday Blitz October 31 Late 2023"]
[White "Ankerst, Mihael"]
[Black "Leiva, Gianmarco"]
[WhiteFideId "14602369"]
[BlackFideId "3804399"]
[WhiteElo "2419"]
[BlackElo "2698"]
[Result "1-0"]
[Round "2"]
[TimeControl "180+1"]
[Date "2023.10.31"]
[WhiteClock "0:00:25"]
[BlackClock "0:00:13"]
[Board "65"]

1. e4 c5 2. Nf3 d6 3. d4 cxd4 4. Nxd4 Nf6 5. Nc3 a6 6. Bc4 e6 7. Bb3 b5 8. Bg5 Be7 9. Qf3 Qc7 10. O-O-O O-O 11. e5 Bb7 12. exf6 Bxf3 13. fxe7 Bxd1 14. Nxe6 Qxe7 15. Bxe7 Re8 16. Nc7 Rxe7 17. Nxa8 Bg4 18. Nb6 Be6 19. Nbd5 Rb7 20. Re1 Kf8 21. f4 Nd7 22. Ne4 Nc5 23. Nxc5 dxc5 24. c4 Rd7 25. Ne3 g6 26. cxb5 Bxb3 27. axb3 axb5 28. Rd1 Re7 29. Kd2 Re4 30. g3 Rd4+ 31. Ke2 Rb4 32. Rd3 c4 33. bxc4 bxc4 34. Rd2 h5 35. Rc2 h4 36. Nxc4 h3 37. Kf3 f5 38. Rc3 Kg7 39. g4 fxg4+ 40. Kxg4 Kf6 41. Kxh3 Kf5 42. Kg3 Ke4 43. Kg4 Kd4 44. Rc2 Kd3 45. Rc1 Rb5 46. h4 Ke2 47. Ne5 Kd2 48. Rg1 Rxb2 49. Rg2+ Ke3 50. Rxb2 g5 51. fxg5 Ke4 52. Rf2 Kd4 53. g6 Ke3 54. Rf4 Ke2 55. Rf3 Kd2 56. Kf4 Ke1 57. Ke3 Kd1 58. Rf2 Kc1 59. g7 Kb1 60. g8=Q Ka1 61. Qg1# 1-0


[Site "https://www.chess.com"]

[Event "Titled Tuesday Blitz October 31 Late 2023"]
[White "Annaberdiyev, Meylis"]
[Black "Lopez Idarraga, Daniel Eduardo"]
[WhiteFideId "14000563"]
[BlackFideId "4405501"]
[WhiteElo "2696"]
[BlackElo "2415"]
[Result "1-0"]
[Round "2"]
[TimeControl "180+1"]
[Date "2023.10.31"]
[WhiteClock "0:01:14"]
[BlackClock "0:01:51"]
[Board "66"]

1. e4 c5 2. Nc3 a6 3. f4 b5 4. Nf3 Bb7 5. d3 e6 6. g3 Nf6 7. Bg2 d5 8. e5 d4 9. Ne2 Nd5 10. O-O Be7 11. Kh1 O-O 12. g4 Nc6 13. Ng3 Ra7 14. f5 exf5 15. gxf5 f6 16. e6 Ne5 17. Nxe5 fxe5 18. Qg4 Nf6 19. Qh3 Bxg2+ 20. Qxg2 Qd5 21. Ne4 Kh8 22. Nxf6 Qxg2+ 23. Kxg2 gxf6 24. Kf3 c4 25. Bd2 Rc7 26. Rg1 cxd3 27. cxd3 Rc2 28. Bh6 Rg8 29. Rxg8+ Kxg8 30. Rg1+ Kh8 31. Bg7+ Kg8 32. Bxf6+ Kf8 33. Bg7+ Ke8 34. Bxe5 1-0


[Site "https://www.chess.com"]

[Event "Titled Tuesday Blitz October 31 Late 2023"]
[White "Abduzhaparov"]
[Black "Mendez Fortes, Eduardo Jesus"]
[BlackFideId "3502376"]
[WhiteElo "2410"]
[BlackElo "2694"]
[Result "1-0"]
[Round "2"]
[TimeControl "180+1"]
[Date "2023.10.31"]
[WhiteClock "0:01:28"]
[BlackClock "0:01:41"]
[Board "67"]

1. Nf3 d5 2. c4 e6 3. g3 Nf6 4. Bg2 dxc4 5. Qa4+ Nbd7 6. Qxc4 a6 7. Qc2 c5 8. O-O Qc7 9. d4 Bd6 10. dxc5 Nxc5 11. Be3 Nce4 12. Qxc7 Bxc7 13. Rc1 Bd6 14. Nbd2 Nxd2 15. Nxd2 O-O 16. Ne4 Nxe4 17. Bxe4 Rb8 18. Ba7 Ra8 19. Bc5 Bxc5 20. Rxc5 Rd8 21. Rc7 Rb8 22. Rac1 Kf8 23. h4 h6 24. a3 b6 25. Ra7 a5 26. Rcc7 f5 27. Rf7+ Kg8 28. Rxg7+ Kf8 29. Raf7+ Ke8 30. Bc6+ 1-0


[Site "https://www.chess.com"]

[Event "Titled Tuesday Blitz October 31 Late 2023"]
[White "Hoffmann, Asa"]
[Black "Janaszak, Dawid"]
[WhiteFideId "2001470"]
[BlackFideId "1119206"]
[WhiteElo "2410"]
[BlackElo "2683"]
[Result "0-1"]
[Round "2"]
[TimeControl "180+1"]
[Date "2023.10.31"]
[WhiteClock "0:00:38"]
[BlackClock "0:00:52"]
[Board "68"]

1. d4 d5 2. Bg5 f6 3. Bf4 c5 4. c3 Nc6 5. Nf3 g5 6. Be3 Nh6 7. h3 Nf5 8. Bc1 h5 9. e3 c4 10. b3 b5 11. a4 Na5 12. bxc4 bxc4 13. Ba3 Bg7 14. Nbd2 Qc7 15. Qc2 Nd6 16. Qg6+ Kf8 17. Be2 Bf5 18. Bxd6 Qd7 19. Bxe7+ Kg8 20. Qxf5 Qxf5 21. Bb4 Nc6 22. e4 Qd7 23. exd5 Nxb4 24. cxb4 c3 25. Nb3 Qxd5 26. Nc5 g4 27. hxg4 hxg4 28. Rxh8+ Kxh8 29. Nh4 Qxd4 30. Bd3 Qxb4 31. Ne6 Re8 32. Bf5 Rxe6+ 33. Bxe6 Qe4+ 34. Kf1 Qxe6 35. Ng6+ Kg8 36. Re1 Qc4+ 37. Kg1 c2 0-1


[Site "https://www.chess.com"]

[Event "Titled Tuesday Blitz October 31 Late 2023"]
[White "Pantev, Veselin"]
[Black "Stanojevic, Ilija"]
[WhiteFideId "2901390"]
[BlackFideId "959995"]
[WhiteElo "2682"]
[BlackElo "2377"]
[Result "1-0"]
[Round "2"]
[TimeControl "180+1"]
[Date "2023.10.31"]
[WhiteClock "0:01:31"]
[BlackClock "0:00:11"]
[Board "69"]

1. d4 Nf6 2. Bf4 d6 3. e3 g6 4. Nf3 Bg7 5. c4 O-O 6. Nc3 Nbd7 7. Be2 c6 8. h3 Re8 9. O-O e5 10. dxe5 dxe5 11. Nxe5 Qb6 12. Nxd7 Bxd7 13. Qb3 Qa5 14. Qxb7 Be6 15. Qxc6 Rac8 16. Qb5 Qxb5 17. Nxb5 Ne4 18. f3 Nd2 19. Nd6 Nxf1 20. Nxe8 Rxe8 21. Rxf1 Bxb2 22. Rb1 Bc3 23. Rb7 a5 24. Bh6 Rc8 25. Kf2 f6 26. Rg7+ Kh8 27. Re7 Bg8 28. Bg7# 1-0


[Site "https://www.chess.com"]

[Event "Titled Tuesday Blitz October 31 Late 2023"]
[White "Rosen, Eric"]
[Black "Ramadoss, Ashokkumar"]
[WhiteFideId "2032562"]
[BlackFideId "5040990"]
[WhiteElo "2674"]
[BlackElo "2374"]
[Result "1/2-1/2"]
[Round "2"]
[TimeControl "180+1"]
[Date "2023.10.31"]
[WhiteClock "0:00:17"]
[BlackClock "0:00:26"]
[Board "70"]

1. e4 e6 2. f4 d5 3. e5 c5 4. Nf3 Nc6 5. c3 Nge7 6. Na3 a6 7. Nc2 Nf5 8. Bd3 g6 9. O-O b5 10. g3 h5 11. Bxf5 gxf5 12. d4 c4 13. h4 Be7 14. Kg2 Bb7 15. Rh1 a5 16. Ng5 Qd7 17. Ne3 b4 18. Bd2 a4 19. a3 b3 20. Qf3 Bf8 21. Rae1 O-O-O 22. Re2 Kb8 23. Kf2 Rc8 24. Ke1 Nd8 25. Kd1 Ka8 26. Rhe1 Qb5 27. Ng2 Bxa3 28. Bc1 Bf8 29. Qf2 Qc6 30. Rd2 Qd7 31. Ree2 Qc6 32. Ke1 Qd7 33. Kf1 Qc6 34. Kg1 Qd7 35. Rd1 Qe7 36. Be3 Qd7 37. Ra1 Bc6 38. Qf3 Kb7 39. Bf2 Ra8 40. Ne3 Be7 41. Nf1 Bf8 42. Be3 Be7 43. Bc1 Bf8 44. Rg2 Be7 45. Qd1 Bf8 46. Nd2 Be7 47. Nb1 Bf8 48. Na3 Be7 49. Be3 Bf8 50. Qd2 Be7 51. Qf2 Bf8 52. Rh2 Be7 53. Qf3 Bf8 54. Bf2 Be7 55. Be3 Bf8 56. Qe2 Be7 57. Qd2 Bf8 58. Kf2 Be7 59. Kf3 Bf8 60. Nb1 Be7 61. Qe2 Bf8 62. Kf2 Be7 63. Ke1 Bf8 64. Qf2 Be7 65. Ke2 Bf8 66. Bc1 Be7 67. Nd2 Bf8 68. Nf1 Be7 69. Qe3 Bf8 70. g4 hxg4 71. Ng3 Bh6 72. Qf2 Qe7 73. Qg2 Bf8 74. Nf1 Bh6 75. Qh1 Bd7 76. Ne3 Bc6 77. Bd2 Bf8 78. Nf1 Bh6 79. h5 Kc7 80. Ng3 Nb7 81. Bc1 Na5 82. Ke3 Nb7 83. Kf2 Nd8 84. Be3 Nb7 85. Ra3 Na5 86. Qa1 Nb7 87. Qf1 Nd8 88. Kg2 Nb7 89. Ne2 Nd8 90. Qf2 Nb7 91. Qh4 Kd7 92. Ng3 Nd8 93. Rh1 Nb7 94. Bc1 Nd8 95. Qh2 Nb7 96. Qg1 Nd8 97. Qf2 Nb7 98. Ne2 Nd8 99. Qh4 Nb7 100. Kg3 Nd8 101. Be3 Nb7 102. Kf2 Nd8 103. Ng3 Nb7 104. Nf1 Nd8 105. Nd2 Nb7 106. Qg3 Nd8 107. Rha1 Nb7 108. Rh1 Nd8 109. Raa1 Nb7 110. Ke2 Nd8 111. Nb1 Nb7 112. Na3 Nd8 113. Qg2 Nb7 114. Nb1 Nd8 115. Nd2 Nb7 116. Nf1 Nd8 117. Ng3 Nb7 118. Ke1 Nd8 119. Qd2 Nb7 120. Ne2 Nd8 121. Bf2 Nb7 122. Bh4 Qe8 123. Ng3 Nd8 124. Rd1 Nb7 125. Qc1 Nd8 126. Qa1 Nb7 127. Qa3 Bf8 128. Qa1 Bh6 129. Kf2 1/2-1/2


[Site "https://www.chess.com"]

[Event "Titled Tuesday Blitz October 31 Late 2023"]
[White "Colivet Gamboa, Julio Cesar"]
[Black "Wu, Derek"]
[WhiteFideId "3949583"]
[BlackFideId "30914558"]
[WhiteElo "2373"]
[BlackElo "2673"]
[Result "0-1"]
[Round "2"]
[TimeControl "180+1"]
[Date "2023.10.31"]
[WhiteClock "0:00:29"]
[BlackClock "0:00:56"]
[Board "71"]

1. e4 c5 2. Nf3 e6 3. d4 cxd4 4. Nxd4 Nf6 5. Nc3 Nc6 6. Bg5 Bb4 7. Nxc6 bxc6 8. e5 Qa5 9. exf6 Qxg5 10. fxg7 Qe5+ 11. Be2 Bxc3+ 12. bxc3 Qxc3+ 13. Kf1 Qxg7 14. Rb1 d5 15. c4 O-O 16. cxd5 exd5 17. Qc2 Qf6 18. Bd3 h6 19. h4 Bg4 20. f3 Rab8 21. Kf2 Qd4+ 22. Kg3 Be6 23. Rhe1 c5 24. Bb5 Kh8 25. Rbd1 Rg8+ 26. Kh2 Qxh4+ 27. Kg1 Rxb5 28. Qe2 Qg5 29. g4 Rb4 0-1


[Site "https://www.chess.com"]

[Event "Titled Tuesday Blitz October 31 Late 2023"]
[White "Olsen, Filip Boe"]
[Black "Jesseinkman"]
[WhiteFideId "1440640"]
[WhiteElo "2672"]
[BlackElo "2346"]
[Result "1-0"]
[Round "2"]
[TimeControl "180+1"]
[Date "2023.10.31"]
[WhiteClock "0:00:50"]
[BlackClock "0:00:08"]
[Board "72"]

1. Nf3 d5 2. e3 c5 3. c4 d4 4. g3 Nc6 5. Bg2 e5 6. O-O Nf6 7. exd4 exd4 8. Re1+ Be7 9. d3 O-O 10. Na3 h6 11. Nc2 Bf5 12. b4 cxb4 13. Bb2 Bc5 14. Ne5 Qd6 15. Nxc6 bxc6 16. Qf3 Bg6 17. Qf4 Qxf4 18. gxf4 Bxd3 19. Nxd4 Bxc4 20. Nxc6 Bd5 21. Bxf6 Bxg2 22. Kxg2 gxf6 23. Rac1 Bd6 24. Kf3 Rfe8 25. Red1 Bf8 26. Rd7 a5 27. Rg1+ Kh8 28. Rxf7 a4 29. Rxf6 b3 30. axb3 a3 31. Ne5 Rxe5 32. fxe5 a2 33. Ra1 Bg7 34. Re6 Ra5 35. Ke4 Ra3 36. f4 Bf8 37. Rc6 Bb4 38. Rc2 Rxb3 39. Raxa2 Bf8 40. Rab2 Rxb2 41. Rxb2 1-0


[Site "https://www.chess.com"]

[Event "Titled Tuesday Blitz October 31 Late 2023"]
[White "GAO"]
[Black "Domingo Nunez, Ruben"]
[BlackFideId "22245570"]
[WhiteElo "2340"]
[BlackElo "2671"]
[Result "1-0"]
[Round "2"]
[TimeControl "180+1"]
[Date "2023.10.31"]
[WhiteClock "0:00:17"]
[BlackClock "0:00:23"]
[Board "73"]

1. Nf3 g6 2. d4 Bg7 3. Nbd2 c6 4. e4 d5 5. c3 dxe4 6. Nxe4 Nf6 7. Bd3 O-O 8. O-O Nbd7 9. Re1 Nxe4 10. Bxe4 c5 11. Be3 Nf6 12. Bc2 cxd4 13. Bxd4 Qc7 14. Qe2 Re8 15. Rad1 Be6 16. Be5 Qb6 17. Nd4 Bg4 18. f3 Bd7 19. Bb3 a5 20. Rb1 a4 21. Bc2 Rac8 22. Qf2 Qa5 23. h3 a3 24. b4 Qa7 25. Nb3 Qxf2+ 26. Kxf2 Nd5 27. Bxg7 Kxg7 28. Nc5 Bb5 29. Rb3 b6 30. Be4 Nf4 31. Nb7 f5 32. Bc2 Rc7 33. c4 Bxc4 34. Rc3 Nd5 35. Rxc4 Rc5 36. bxc5 1-0


[Site "https://www.chess.com"]